AoeStats
← sophia

Arena

510875988Analyzed
1v1 RM · 13h ago on Oct 2, 2026· 22m 20s· 2 players
Game mode
Random Map
Map size
Tiny (2 player)
Population
200
Speed
Normal
Resources
Standard
Victory
Conquest
Starting age
Dark Age
Ending age
Imperial Age
RankedLock teamsTeams togetherTeam positionsShared explorationLock speedFull tech treeHidden civsTurbo modeCheats
Victory
Defeat
🇩🇪 Mongols · Germany
427
+15
🇦🇷 Mongols · Argentina
413
-21
gabrielbergonzi8
4:36 Loom
11:39 Feudal Age
13:03 Wheelbarrow
12:17 Double-Bit Axe
14:37 Horse Collar
sophia
10:11 Loom
11:57 Feudal Age
13:15 Double-Bit Axe
16:01 Castle Age
14:04 Horse Collar
16:56 Thumb Ring
17:13 Town Watch
20:17 Padded Archer Armor
20:16 Gold Mining
Connection lost

Rejoining the realm…

Still unreachable

The connection could not be restored.

Session expired

The server has moved on; the page needs a fresh start.